 Dungeon Sprint DCSS version 0.31-a0-66-ge618eeaa78 (webtiles) character file.

Game seed: 14383740683624209826

0 sircluck the Ruffian (level 1, -15/22 HPs)
             Began as a Troll Berserker on May 22, 2023.
             Was a Follower of Trog.
             Demolished by a flayed ghost (19 damage)
             ... in the Dungeon (Sprint VII: "The Pits").
             The game lasted 00:00:23 (34 turns).

sircluck the Ruffian (Troll Berserker)                Turns: 34, Time: 00:00:24

Health: -15/22     AC:  4    Str: 24    XL:     1   Next: 8%
Magic:  0/0        EV: 10    Int:  3    God:    Trog [*.....]
Gold:   0          SH:  0    Dex:  9    Spells: 0/0 levels left

rFire   . .          .
                       - Unarmed
rCold   . . .        (no shield)
rNeg    . . .        a - +0 animal skin
rPois   .            (helmet restricted)
rElec   .            (no cloak)
rCorr   .            (gloves unavailable)
SInv    .            (boots unavailable)
Will    .....        (no amulet)
Stlth   +            (no ring)
HPRegen 1.03/turn    (no ring)
MPRegen 0.07/turn

%: no teleportation
@: no status effects
A: large, unfitting armour, claws 3, regeneration 1, shaggy fur 1, tough skin 1
a: Renounce Religion, Berserk


You were in the Dungeon.
You worshipped Trog.
Trog was aware of your devotion.
You visited 1 branch

Inventory:

Armour
 a - a +0 animal skin (worn)
Scrolls
 g - a scroll of blinking
Potions
 b - a potion of curing
 c - a potion of heal wounds
 d - a potion of haste
 e - 2 potions of magic
 f - a potion of berserk rage


   Skills:
 + Level 2.5 Fighting
 + Level 2.5 Dodging
 + Level 3.1 Unarmed Combat


You couldn't memorise any spells.
You didn't know any spells.
Your spell library was empty.

Dungeon Overview and Level Annotations

Branches:
Dungeon (1/1)

Altars:


Innate Abilities, Weirdness & Mutations

You are too large for most types of armour.
You have claws for hands.
Your natural rate of healing is unusually fast.
You are covered in fur. (AC +1)
You have tough skin. (AC +1)


Message History

You open the door.
There is an open door to the Entrance Hall (Safe) here.
You open the huge gate.
A kobold comes into view. It is wielding a +0 short sword.
The kobold shouts!
You hear a shout!
A flayed ghost comes into view.
There is a huge open gate to the Metal Vault (Medium) here.
The flayed ghost cries, "Suffer as I suffered!"
Terrible wounds open up all over your body!
There is an open door to the Entrance Hall (Safe) here.
Okay, then.
As you close the door, it creaks loudly!
You start waiting.
The terrible wounds on your body vanish.
You start waiting.
Something unseen opens the door.
You claw the kobold!
You kill the kobold!
Trog accepts your kill.
Unknown command.
You start waiting.
A flayed ghost is nearby!
Welcome back, sircluck the Troll Berserker.
Trog says: Kill them all!
Press ? for a list of commands and other information.
You close the door, pushing everything out of the way.
You start waiting.
Something unseen opens the door.
You closely miss the flayed ghost. The flayed ghost hits you!!
Ouch! That really hurt!
* * * LOW HITPOINT WARNING * * *
You claw the flayed ghost!
The flayed ghost is lightly damaged.
The flayed ghost cries, "Suffer as I suffered!"
You scratch the flayed ghost.
The flayed ghost is moderately damaged.
The flayed ghost barely misses you.
You claw the flayed ghost!
The flayed ghost is moderately damaged.
The flayed ghost hits you!!
Ouch! That really hurt!
You die...

##########++######
#................#
#......#..#......#
#................+
+................+
#......#..#......#
#.......K........#
####W#####''######
#..)†@..##''#
#.......##..#
#.......##..#
#...<...##K.#
#.......##..#
#.......##.W#
#.......##...
#########


You could see a flayed ghost.

Vanquished Creatures
  A kobold (D)
1 creature vanquished.

Notes
Turn   | Place    | Note
-------+----------+-------------------------------------------
     0 | D        | sircluck the Troll Berserker began the quest for the Orb.
     0 | D        | Reached XP level 1. HP: 22/22 MP: 0/0
    12 | D        | Noticed a flayed ghost
    31 | D        | HP: 1/22 [flayed ghost (21)]
    34 | D        | Demolished by a flayed ghost

Illustrated notes

Levels and vault maps discovered:
D:        pitsprint [storerooms_1, entrance_room_1, metal_vault_3, armoury_3,
          mini_pit_1, grid_room_1, main_hall_1, silver_pit, the_coven_3,
          the_vestibule_1, steel_vault_1, golden_pit, hallway_of_sentries,
          crystal_vault_2, iron_vault_4, final_vault]

Action                     || total
---------------------------++-------
  Melee: Unarmed           ||     5
  Dodge: Dodged            ||     1

Table legend: (Time is in decaauts)
 A = Elapsed time spent in this place.
 B = Non-inter-level travel time spent in this place.
 C = Inter-level travel time spent in this place.
 D = Time resting spent in this place.
 E = Time spent auto-exploring this place.
 F = Levels seen in this place.
 G = Mean time per level.
                   A        B        C        D        E       F      G
               +--------+--------+--------+--------+--------+-----+--------+
         Total |     33 |     33 |      0 |      1 |     12 |   1 |   33.0 |
       Dungeon |     33 |     33 |      0 |      1 |     12 |   1 |   33.0 |
               +--------+--------+--------+--------+--------+-----+--------+

Top non-repeatable levels by time:
       D: 33 daAuts
